 Dungeon Crawl Stone Soup version 0.28-a0-1356-g2ad6d04315 (webtiles) character file.

Game seed: 13341973124892837645

1684 Armakuni the Cudgeller (level 9, 0/68 HPs)
             Began as a Human Artificer on Dec 30, 2021.
             Slain by an orc (8 damage)
             ... on level 6 of the Dungeon.
             The game lasted 00:18:11 (7078 turns).

Armakuni the Cudgeller (Human Artificer)            Turns: 7078, Time: 00:18:11

Health: 0/68       AC:  7    Str: 15    XL:     9   Next: 22%
Magic:  9/9        EV: 12    Int: 14    God:
Gold:   70         SH:  0    Dex: 13    Spells: 8/8 levels left

rFire   . . .      SeeInvis .   a - +0 morningstar (venom)
rCold   . . .      Faith    .   (no shield)
rNeg    . . .      Spirit   .   h - +1 ring mail
rPois   .          Reflect  .   (no helmet)
rElec   .          Harm     .   (no cloak)
rCorr   +          Rampage  .   (no gloves)
Will    .....                   (no boots)
Stlth   +.........              (no amulet)
HPRegen 0.21/turn               K - ring of resist corrosion
MPRegen 0.11/turn               (no ring)

@: no status effects
A: no striking features
a: no special abilities


You were on level 6 of the Dungeon.
You visited 1 branch of the dungeon, and saw 6 of its levels.

You collected 301 gold pieces.
You spent 231 gold pieces at shops.

Inventory:

Hand Weapons
 a - a +0 morningstar of venom (weapon)
 b - a +3 dire flail of protection
 t - a +0 quarterstaff
Missiles
 u - 13 poisoned darts
Armour
 h - a +1 ring mail (worn)
 o - a +0 scale mail
Magical Staves
 p - a staff of earth
 z - a staff of poison
Jewellery
 K - a ring of resist corrosion (left hand)
Wands
 d - a wand of charming (5)
 y - a wand of mindburst (13)
Scrolls
 j - 3 scrolls of teleportation
 k - a scroll of fear
 n - 2 scrolls of summoning
 r - 2 scrolls of fog
 w - a scroll of immolation
Potions
 c - a potion of lignification {unknown}
 e - a potion of curing
 f - 3 potions of magic
 g - 3 potions of heal wounds
 i - 2 potions of invisibility
 m - 2 potions of mutation {unknown}
 q - a potion of berserk rage {unknown}
 s - a potion of cancellation {unknown}
Miscellaneous
 x - a piece from Xom's chessboard (11/15)


   Skills:
 + Level 5.4 Fighting
 + Level 5.4 Maces & Flails
 - Level 5.0 Armour
 - Level 5.0 Dodging
 - Level 1.0 Stealth
 - Level 5.0 Evocations


You had 8 spell levels left.
You didn't know any spells.
Your spell library contained the following spells:

 Spells                   Type           Power      Damage    Failure   Level
 Animate Skeleton         Necr           0%         N/A       47%         1
 Pain                     Necr           0%         1d4       47%         1
 Vampiric Draining        Necr           0%         2d6       85%         3


Dungeon Overview and Level Annotations

Branches:
Dungeon (6/15)
 Temple: D:4-7

Altars:
Vehumet
Xom

Shops:
D:4 (**[?   D:6 =*=

Annotations:
D:6 2 transporters, ThreePoint314's ghost, novice GnDe


Message History

Deactivating autopickup; reactivate with Ctrl-A.
You hear a shout!
The orc shouts!
The orc barely misses you.
An orc comes into view. It is wielding a +0 morningstar.
You hit the orc but do no damage. The orc hits you with a +0 club.
An orc comes into view. It is wielding a +0 hand axe.
You hit the orc.
The orc is poisoned.
The orc is moderately wounded.
The orc hits you but does no damage.
You barely miss the orc.
The orc is heavily wounded.
You kill the orc!
You puncture the orc!
You kill the orc!
You miss something. Something hits you but does no damage.
You hit something.
You hear some strange, mumbled words.
You are confused.
Something barely misses you.
You bump into the rock wall.
Something hits you but does no damage.
You closely miss something. Something hits you but does no damage.
You barely miss something. Something hits you.
You're too confused to move!
Something hits you but does no damage.
You barely miss something. Something hits you but does no damage.
You hear some strange, mumbled words.
You are more confused.
You sock something!
Reactivating autopickup.
You feel a bit more experienced.
You miss the orc. The orc misses you. The orc hits you with a +0 morningstar.
You barely miss the orc. The orc hits you with a +0 morningstar!
* * * LOW HITPOINT WARNING * * *
You bump into the rock wall.
The orc hits you with a +0 morningstar.
* * * LOW HITPOINT WARNING * * *
You bump into the rock wall.
The orc barely misses you.
You closely miss the orc.
You feel less confused. The orc hits you with a +0 morningstar!
You die...

### ... #.# ...
#.# #o# #o# #@#
#.# #.# #.# #.#
... #.# .... #.#
####### ...# #.#
... .....⌠#
....####.####....


You could see 2 orcs.

Vanquished Creatures
  Sigmund (D:5)
  Eustachio (D:5)
  Edmund (D:4)
  2 black bears (D:4)
  2 ice beasts
  A necrophage (D:4)
  An ogre (D:5)
  A phantom (D:5)
  Blork the orc (D:4)
  2 scorpions
  A water moccasin skeleton (D:6)
  A centaur zombie (D:5)
  A hound (D:5)
  2 orc priests
  A centaur skeleton (D:5)
  Jessica (D:3)
  2 orc wizards
  Robin (D:4)
  7 adders
  An adder skeleton (D:4)
  A worm (D:2)
  3 dart slugs
  14 orcs
  6 ball pythons
  6 endoplasms
  4 giant cockroaches
  15 goblins
  5 hobgoblins
  5 quokkas
  4 bats
  A frilled lizard (D:2)
  8 kobolds
  4 rats
107 creatures vanquished.

Vanquished Creatures (collateral kills)
  A jelly (D:6)
  2 goblins (D:4)
  A hobgoblin (D:4)
4 creatures vanquished.

Vanquished Creatures (others)
  A howler monkey (D:6)
  2 orc wizards (D:5)
  An adder (D:5)
4 creatures vanquished.

Grand Total: 115 creatures vanquished

Notes
Turn   | Place    | Note
-------+----------+-------------------------------------------
     0 | D:1      | Armakuni the Human Artificer began the quest for the Orb.
     0 | D:1      | Reached XP level 1. HP: 15/15 MP: 1/1
   349 | D:1      | Found a faded altar of an unknown god.
   365 | D:1      | Reached XP level 2. HP: 21/22 MP: 2/2
  1314 | D:1      | Reached XP level 3. HP: 28/28 MP: 3/3
  2131 | D:2      | Reached XP level 4. HP: 36/36 MP: 4/4
  2990 | D:3      | Noticed Jessica
  2999 | D:3      | Killed Jessica
  3021 | D:3      | Reached XP level 5. HP: 20/43 MP: 5/5
  3427 | D:3      | Reached skill level 5 in Fighting
  3613 | D:3      | Found a shimmering altar of Xom.
  3913 | D:4      | Found Yckous's General Store.
  3917 | D:4      | Bought a +0 morningstar of venom for 88 gold pieces
  3917 | D:4      | Bought a scroll of fog for 26 gold pieces
  3940 | D:4      | Reached skill level 1 in Maces & Flails
  3988 | D:4      | Found Douryocw's Antique Armour Emporium.
  4001 | D:4      | Noticed a black bear
  4012 | D:4      | Killed a black bear
  4013 | D:4      | Reached XP level 6. HP: 31/51 MP: 6/6
  4267 | D:4      | Noticed Robin
  4541 | D:4      | Killed Robin
  4677 | D:4      | Noticed Blork the orc
  4678 | D:4      | Found Belajyweu's Antique Weapon Shop.
  4709 | D:4      | Killed Blork the orc
  4710 | D:4      | Reached XP level 7. HP: 44/56 MP: 7/7
  5064 | D:4      | Reached skill level 5 in Maces & Flails
  5132 | D:4      | Noticed Edmund
  5133 | D:4      | Found Ramuxo's Magic Scroll Boutique.
  5171 | D:4      | Killed Edmund
  5172 | D:4      | Reached XP level 8. HP: 17/62 MP: 8/8
  5411 | D:4      | Bought a scroll of identify for 24 gold pieces
  5411 | D:4      | Bought a scroll of identify for 24 gold pieces
  5411 | D:4      | Bought a scroll of immolation for 42 gold pieces
  5661 | D:4      | Found Doishi Bade's Assorted Antiques.
  5694 | D:5      | Entered Level 5 of the Dungeon
  6286 | D:5      | Noticed Eustachio
  6301 | D:5      | Killed Eustachio
  6302 | D:5      | Reached skill level 5 in Armour
  6302 | D:5      | Reached skill level 5 in Dodging
  6356 | D:5      | Noticed Sigmund
  6374 | D:5      | Killed Sigmund
  6375 | D:5      | Reached XP level 9. HP: 23/68 MP: 9/9
  6757 | D:6      | Reached skill level 5 in Evocations
  6890 | D:6      | Found Iloll's Assorted Antiques.
  6899 | D:6      | Bought a scroll labelled HEUDAFF ROURPH for 27 gold pieces
  6941 | D:6      | Found a radiant altar of Vehumet.
  6955 | D:6      | Found Ybafoif's Jewellery Shoppe.
  6983 | D:6      | Found Hiskujab's Jewellery Shop.
  7014 | D:6      | Found a transporter.
  7017 | D:6      | Noticed ThreePoint314's ghost (novice GnDe)
  7024 | D:6      | Found a transporter.
  7078 | D:6      | Slain by an orc

Illustrated notes

Levels and vault maps discovered:
D:1:      kilobyte_arrival_exit_the_forest, layout_loops_ring,
          shapermc_ecumenical_altar_notcrosses, hangedman_decor_diamond_cutter
D:2:      layout_basic, minmay_strange_pillars
D:3:      layout_rooms, general_overflow_altar, uniq_jessica
D:4:      layout_basic, serial_shops, nicolae_shop_overgrown_old_shop,
          nicolae_take_the_stairs, kennysheep_little_box, nicolae_stop_n_shop_2,
          nicolae_lakefront_shop, serial_corexii_hall,
          chequers_hall_statues_wall_a, corexii_hall_statues_u,
          chequers_hall_statues_y, uniq_blork_the_orc, uniq_robin, uniq_edmund
D:5:      layout_rooms, uniq_sigmund, uniq_eustachio
D:6:      layout_basic, vehumet_crystals, minmay_temple_entry_antechambers,
          gammafunk_ghost_smash, serial_shops, shop, kennysheep_mini,
          nicolae_shop_stone, nicolae_lakefront_shop, minmay_crossroads

Skill      XL: |  1  2  3  4  5  6  7  8  9 |
---------------+----------------------------+-----
Fighting       | 2 3 4 5 |  5.4
Maces & Flails | 3 4 5 |  5.4
Dodging        | 2 5 |  5.0
Armour         | 3 5 |  5.0
Evocations     | 4 5 |  5.0
Stealth        | |  1.0

Action                   |  1- 3 |  4- 6 |  7- 9 || total
-------------------------+-------+-------+-------++-------
Melee: Club              |    89 |       |       ||    89
       Whip              |    21 |    54 |       ||    75
       Flail             |       |    44 |       ||    44
       Morningstar       |       |    37 |   159 ||   196
Throw: Dart              |    34 |    18 |       ||    52
Evoke: Wand              |     6 |     9 |    15 ||    30
       Piece from Xom's  |       |    12 |     6 ||    18
  Use: Scroll            |     3 |     3 |     8 ||    14
       Potion            |       |     1 |       ||     1
 Stab: Paralysed         |       |     6 |       ||     6
       Petrified         |       |       |     2 ||     2
Armor: Leather armour    |     5 |       |       ||     5
       Ring mail         |    53 |    50 |    62 ||   165
Dodge: Dodged            |    80 |    80 |   108 ||   268

Table legend: (Time is in decaauts)
 A = Elapsed time spent in this place.
 B = Non-inter-level travel time spent in this place.
 C = Inter-level travel time spent in this place.
 D = Time resting spent in this place.
 E = Time spent auto-exploring this place.
 F = Levels seen in this place.
 G = Mean time per level.
                   A        B        C        D        E       F      G
               +--------+--------+--------+--------+--------+-----+--------+
         Total |   7189 |   7058 |    131 |   2448 |   3011 |   6 | 1198.2 |
       Dungeon |   7189 |   7058 |    131 |   2448 |   3011 |   6 | 1198.2 |
               +--------+--------+--------+--------+--------+-----+--------+

Top non-repeatable levels by time:
     D:1: 2051 daAuts
     D:4: 1858 daAuts
     D:2: 1243 daAuts
     D:5: 991 daAuts
     D:3: 676 daAuts
     D:6: 367 daAuts
